 Dungeon Crawl Stone Soup version 0.32-a0-571-gec57dfcd37 (webtiles) character file.

Game seed: 11389232058887755110

25690 gimp the Grappler (level 12, -2/104 HPs)
             Began as a Minotaur Shapeshifter on Feb 29, 2024.
             Slain by a white draconian
             ... wielding a +0 glaive
              (33 damage)
             ... in an ice cave.
             The game lasted 00:39:20 (13255 turns).

gimp the Grappler (Minotaur Shapeshifter)          Turns: 13255, Time: 00:39:21

Health: -2/104     AC:  0    Str: 19    XL:     12   Next: 91%
Magic:  11/11      EV: 19    Int:  7    God:
Gold:   642        SH:  0    Dex: 15    Spells: 11/11 levels left

rFire   x .          .
                       - Unarmed
rCold   + + .        (no shield)
rNeg    . . .        B - melded +0 leather armour {rPois}
rPois   .            (helmet restricted)
rElec   .            (no cloak)
rCorr   .            (no gloves)
SInv    .            (no boots)
Will    .....        b - amulet of regeneration
Stlth   +            y - ring of ice
HPRegen 1.17/turn    A - ring of protection from cold
MPRegen 0.12/turn

%: no passive effects
@: maw-form, hasted, very quick
A: devouring maw, horns 2, retaliatory headbutt
a: Begin Untransformation


You were in an ice cave.
You were a creature with a mouth for a stomach.
You visited 4 branches of the dungeon, and saw 14 of its levels.
You also visited: Ice Cave.

You collected 642 gold pieces.

Inventory:

Armour
 n - a +1 ring mail of cold resistance
 B - a +0 leather armour of poison resistance (melded)
 G - a +2 pair of boots
Jewellery
 b - an amulet of regeneration (around neck)
 i - a +6 ring of strength
 s - a ring of resist corrosion
 y - a ring of ice (left hand)
 A - a ring of protection from cold (right hand)
 D - a ring of willpower
Talismans
 c - a beast talisman
 d - a flux talisman
 q - a storm talisman
 r - a blade talisman
 z - a maw talisman (active)
Wands
 m - a wand of polymorph (13)
 E - a wand of warping (4)
Scrolls
 e - 3 scrolls of fear
 g - 2 scrolls of poison
 h - 2 scrolls of blinking
 j - a scroll of fog
 l - a scroll of teleportation
 C - a scroll of enchant armour
Potions
 a - a potion of resistance
 u - 2 potions of heal wounds
 v - 2 potions of magic
 w - a potion of attraction
 x - 3 potions of brilliance
 F - 2 potions of mutation
 I - a potion of ambrosia
 L - a potion of curing {unknown}


   Skills:
 - Level 9.0 Fighting
 + Level 12.7 Dodging
 + Level 13.0 Unarmed Combat
 * Level 10.5 Shapeshifting


You had 11 spell levels left.
You didn't know any spells.
Your spell library contained the following spells:

 Spells                   Type           Power      Damage    Failure   Level
 Apportation              Tloc           0%         N/A       43%         1
 Freeze                   Ice            0%         1d3       43%         1
 Magic Dart               Conj           0%         1d3       43%         1
 Sting                    Conj/Alch      0%         1d3       43%         1
 Blink                    Tloc           0%         N/A       56%         2
 Call Imp                 Summ           0%         N/A       56%         2
 Jinxbite                 Hex            0%         N/A       56%         2
 Lesser Beckoning         Tloc           0%         N/A       56%         2
 Mercury Vapours          Alch/Air       0%         N/A       56%         2
 Dazzling Flash           Conj/Hex       0%         N/A       80%         3
 Frozen Ramparts          Ice            0%         1d1       80%         3
 Gell's Gravitas          Tloc           0%         N/A       80%         3
 Hailstorm                Conj/Ice       0%         3d5       80%         3
 Mephitic Cloud           Conj/Alch/Air  0%         N/A       80%         3
 Teleport Other           Tloc           0%         N/A       80%         3
 Animate Dead             Necr           0%         N/A       99%         4
 Brom's Barrelling Bould  Conj/Erth      0%         2d3       99%         4
 Olgreb's Toxic Radiance  Alch           0%         N/A       99%         4
 Alistair's Intoxication  Alch           0%         N/A       100%        5
 Borgnjor's Vile Clutch   Necr/Erth      0%         N/A       100%        5
 Curse of Agony           Necr           0%         N/A       100%        5
 Fireball                 Conj/Fire      0%         3d3       100%        5
 Iskenderun's Battlesphe  Conj           0%         2d6       100%        5
 Silence                  Hex/Air        0%         N/A       100%        5
 Conjure Ball Lightning   Conj/Air       0%         3x3d6     100%        6
 Death Channel            Necr           0%         N/A       100%        6
 Orb of Destruction       Conj           0%         9d5       100%        7


Dungeon Overview and Level Annotations

Branches:
Dungeon (11/15)            Temple (1/1) D:4            Lair (1/5) D:11
    Orc (1/2) D:11          IceCv (1/1)

Altars:
Ashenzari
Cheibriados
Dithmenos
Elyvilon
Fedhas
Gozag
Hepliaklqana
Kikubaaqudgha
Makhleb
Nemelex Xobeh
Okawaru
Qazlal
Ru
Sif Muna
Trog
Uskayaw
Vehumet
Wu Jian
Xom
Yredelemnul
Zin
The Shining One
Beogh

Shops:
D:5 =*[   D:11 (

Annotations:
D:8 2 transporters, exclusion: oklob plant, olddryhag's ghost, novice MDFi
D:10 exclusion: statue
Lair:1 exclusion: ice statue


Innate Abilities, Weirdness & Mutations

You are a creature with a mouth for a stomach.
Your midsection houses a second, enormous mouth.
You have a pair of horns on your head.
You reflexively headbutt those who attack you in melee.


Message History

The ice encasing you melts away.
You start resting.
A white draconian is nearby!
You regained 3 hp, and now have 46/104 hp.
Okay, then.
Unknown command.
Okay, then.
Unknown command.
Okay, then.
Unknown command.
Unknown command.
A white draconian is nearby!
You begin transforming.
You continue transforming. x3
Your transformation has ended.
Your +0 leather armour of poison resistance unmelds from your body.
You feel resistant to poison.
Your hands turn into razor-sharp scythe blades.
The white draconian breathes frost at you.
The blast of cold misses you.
You regained 4 hp, and now have 50/104 hp.
Okay, then.
You begin transforming.
You continue transforming. x3
Your hands revert to their normal proportions.
You turn into a creature with a mouth for a stomach.
Your +0 leather armour of poison resistance melds into your body.
You no longer feel resistant to poison.
You regained 4 hp, and now have 56/104 hp.
Throw: 2 darts (curare)
Press: ? - help, Q - select action, (/) - cycle Shift-Dir - straight line, f - white draconian
Aim: a white draconian, wielding a +0 glaive (60% to hit)
You throw a curare-tipped dart.
The curare-tipped dart hits the white draconian.
The white draconian is poisoned.
The white draconian struggles to breathe.
The white draconian seems to slow down.
The white draconian is lightly wounded.
Throw: dart (curare)
Press: ? - help, Q - select action, (/) - cycle Shift-Dir - straight line, f/p - white draconian
Aim: a white draconian, wielding a +0 glaive (lightly wounded, very poisoned, slow, 60% to hit)
You throw a curare-tipped dart.
The curare-tipped dart closely misses the white draconian.
The white draconian breathes frost at you.
The blast of cold misses you.
You hit the white draconian but do no damage.
You headbutt the white draconian. Your bite misses the white draconian.
The white draconian is lightly wounded.
You closely miss the white draconian. You punch the white draconian.
You bite the white draconian, but do no damage.
The white draconian is lightly wounded.
The white draconian hits you with a +0 glaive!!
You take 22 damage, and have 40/104 hp.
MASSIVE DAMAGE!!
You punch the white draconian! You headbutt the white draconian!
You punch the white draconian, but do no damage.
The white draconian is moderately wounded.
You punch the white draconian!
You bite the white draconian, but do no damage.
The white draconian is heavily wounded.
You barely miss the white draconian.
You bite the white draconian, but do no damage.
The white draconian is heavily wounded.
The white draconian closely misses you. You furiously retaliate!
You headbutt the white draconian. You closely miss the white draconian.
You bite the white draconian, but do no damage.
The white draconian is heavily wounded.
You hit the white draconian.
You bite the white draconian, but do no damage.
The white draconian is heavily wounded.
You hit the white draconian but do no damage.
Your headbutt misses the white draconian.
You bite the white draconian.
The white draconian is heavily wounded.
The white draconian hits you with a +0 glaive.
You take 3 damage, and have 40/104 hp.
You hit the white draconian but do no damage.
Your headbutt misses the white draconian.
You punch the white draconian, but do no damage.
You bite the white draconian.
The white draconian is heavily wounded.
You punch the white draconian!
You headbutt the white draconian, but do no damage.
You bite the white draconian, but do no damage.
The white draconian is severely wounded.
The white draconian breathes frost at you.
The blast of cold hits you! You resist.
* * * LOW HITPOINT WARNING * * *
You take 12 damage, and have 29/104 hp.
You hit the white draconian but do no damage.
You headbutt the white draconian. You bite the white draconian.
The white draconian is severely wounded.
You completely miss the white draconian.
You headbutt the white draconian! Your punch misses the white draconian.
The white draconian is almost dead.
The white draconian is no longer moving slowly.
You barely miss the white draconian.
Your headbutt misses the white draconian.
Your bite misses the white draconian.
The white draconian is almost dead.
The white draconian hits you with a +0 glaive!!
You die...

##......## #........##
##.........# ####
#.........####..####
##..........##....##.
##.(............#.....
##..(...........###....
#..##d........### ##..#
##.###.W......## ####
#..# ##........# #.##
#.......## ##d#
##.....## #..# #.....#
#..# ##..### ##..#
##..# ##..## ##.##
###..## #..##


You could see a white draconian (poisoned, catching breath).

Vanquished Creatures
  A great orb of eyes (Lair:1)
  4 two-headed ogres
  A death yak (Lair:1)
  Pikel (D:7)
  3 oklob plants (D:11)
  An orc knight (D:10)
  Joseph (D:7)
  A kobold blastminer (Orc:1)
  2 ice statues (IceCv)
  2 cane toads (Lair:1)
  An ice devil (Lair:1)
  4 rime drakes
  3 komodo dragons
  A troll (D:10)
  A polar bear (Lair:1)
  3 blink frogs (Lair:1)
  3 slime creatures (D:9)
  A shadow (D:11)
  47 yaks
  2 vampires
  A wyvern (D:5)
  A fire elemental (D:11)
  Grum (D:8)
  A basilisk (Lair:1)
  A warg (D:10)
  2 steam dragons
  An acid dragon (D:8)
  8 orc warriors
  3 water moccasins (Lair:1)
  2 black bears
  2 sky beasts (D:7)
  5 ice beasts
  2 ogres
  5 centaurs
  6 wolves
  A lemure (D:7)
  2 phantoms (D:5)
  3 scorpions
  6 bullfrogs
  A gnoll sergeant (D:11)
  13 wights
  7 killer bees (D:8)
  A lindwurm simulacrum (IceCv)
  8 howler monkeys
  An electric eel (Lair:1)
  2 bombardier beetles
  4 komodo dragon simulacra (IceCv)
  2 jellies
  2 gnoll boudas
  6 hounds
  8 orc priests
  A sleepcap (D:7)
  7 iguanas
  6 orc wizards
  A polar bear simulacrum (Lair:1)
  8 gnolls
  3 acid dragon simulacra (IceCv)
  6 adders
  2 white imps
  2 ufetubi (D:6)
  5 steam dragon simulacra (IceCv)
  A ribbon worm (D:2)
  4 dart slugs
  42 orcs
  9 ball pythons
  6 bats
  6 endoplasms
  3 giant cockroaches (D:2)
  6 goblins
  6 hobgoblins
  11 jackals
  6 kobolds
  2 quokkas
  5 frilled lizards
  4 rats
343 creatures vanquished.

Vanquished Creatures (others)
  An orc (Orc:1)
1 creature vanquished.

Grand Total: 344 creatures vanquished

Notes
Turn   | Place    | Note
-------+----------+-------------------------------------------
     0 | D:1      | gimp the Minotaur Shapeshifter began the quest for the Orb.
     0 | D:1      | Reached XP level 1. HP: 16/16 MP: 0/0
   120 | D:1      | Reached XP level 2. HP: 24/24 MP: 1/1
   746 | D:2      | Reached XP level 3. HP: 30/30 MP: 2/2
  1318 | D:2      | Found a faded altar of an unknown god.
  1419 | D:3      | Reached XP level 4. HP: 28/38 MP: 3/3
  1554 | D:4      | Reached skill level 4 in Unarmed Combat
  1850 | D:3      | Reached XP level 5. HP: 39/47 MP: 4/4
  2306 | D:4      | Noticed a black bear
  2324 | D:4      | Killed a black bear
  2325 | D:4      | Reached skill level 5 in Fighting
  2325 | D:4      | Reached XP level 6. HP: 32/56 MP: 5/5
  2588 | D:4      | Found a staircase to the Ecumenical Temple.
  2601 | Temple   | Entered the Ecumenical Temple
  2779 | D:5      | Entered Level 5 of the Dungeon
  2779 | D:5      | Found Uhe Usta's Antique Armour Shop.
  2882 | D:5      | Noticed an ice beast
  2901 | D:4      | Killed an ice beast
  2902 | D:4      | Reached skill level 5 in Unarmed Combat
  2924 | D:4      | Reached XP level 7. HP: 45/63 MP: 6/6
  3114 | D:5      | Identified the +0 short sword "Vugaegh" {holy, rElec rPois
                  | rF- rN+ SInv}
  3181 | D:5      | Found Vutysa's Jewellery Shop.
  3184 | D:5      | Found Seumolem's Assorted Antiques.
  3424 | D:5      | Reached skill level 5 in Dodging
  3516 | D:5      | Reached skill level 6 in Unarmed Combat
  3516 | D:5      | Reached XP level 8. HP: 53/74 MP: 7/7
  3746 | D:5      | Found a blossoming altar of Fedhas.
  4166 | D:6      | Reached skill level 7 in Unarmed Combat
  4556 | D:6      | Reached XP level 9. HP: 63/83 MP: 8/8
  4933 | D:7      | Reached skill level 8 in Unarmed Combat
  4950 | D:7      | Found an ornate altar of the Wu Jian Council.
  4950 | D:7      | Found a shimmering altar of Xom.
  5191 | D:7      | Found a snail-covered altar of Cheibriados.
  5381 | D:7      | Found a white marble altar of Elyvilon.
  5514 | D:7      | Noticed Joseph
  5537 | D:7      | Killed Joseph
  5738 | D:7      | Noticed Pikel
  5765 | D:7      | Killed Pikel
  5766 | D:7      | Reached skill level 9 in Unarmed Combat
  6327 | D:8      | Reached XP level 10. HP: 56/91 MP: 9/9
  6458 | D:8      | Found an opulent altar of Gozag.
  6458 | D:8      | Found a hazy altar of Hepliaklqana.
  6458 | D:8      | Found a sacrificial altar of Ru.
  6745 | D:8      | Found a transporter.
  6746 | D:8      | Found a transporter.
  6755 | D:8      | Noticed an oklob plant
  6915 | D:8      | Reached skill level 5 in Shapeshifting
  7038 | D:8      | Noticed olddryhag's ghost (novice MDFi)
  7044 | D:8      | Noticed a cyclops
  7460 | D:8      | Noticed Grum
  7468 | D:8      | Killed Grum
  7673 | D:9      | Found a broken altar of Ashenzari.
  7677 | D:9      | Saw a vision of the Shoals and the Snake Pit.
  7677 | D:9      | Noticed a merfolk siren
  7677 | D:9      | Noticed a naga mage
  7677 | D:9      | Noticed a naga mage
  7677 | D:9      | Noticed a skyshark
  7677 | D:9      | Noticed a water nymph
  7677 | D:9      | Noticed a harpy
  7677 | D:9      | Noticed a naga warrior
  7677 | D:9      | Noticed a naga sharpshooter
  7677 | D:9      | Noticed a black mamba
  7677 | D:9      | Noticed a black mamba
  7677 | D:9      | Noticed a naga ritualist
  7677 | D:9      | Noticed a harpy
  7835 | D:9      | Noticed a two-headed ogre
  7868 | D:9      | Found a basalt altar of Yredelemnul.
  7927 | D:9      | Reached skill level 10 in Unarmed Combat
  8217 | D:9      | Reached skill level 10 in Dodging
  8523 | D:10     | Entered Level 10 of the Dungeon
  8523 | D:10     | Noticed an orc knight
  8545 | D:10     | Reached XP level 11. HP: 59/97 MP: 10/10
  8602 | D:10     | Killed an orc knight
  9121 | D:10     | Found a radiant altar of Vehumet.
  9509 | D:11     | Found Ahubam's Antique Weapon Emporium.
  9523 | D:11     | Noticed a two-headed ogre
  9529 | D:11     | Noticed an oklob plant
  9529 | D:11     | Noticed an oklob plant
  9535 | D:11     | Found a staircase to the Lair.
  9541 | D:11     | Noticed an oklob plant
  9819 | D:11     | Noticed a two-headed ogre
  9821 | D:11     | Reached skill level 11 in Unarmed Combat
  9840 | D:11     | Killed a two-headed ogre
 10034 | D:11     | Killed a two-headed ogre
 10218 | D:11     | Found a roughly hewn altar of Beogh.
 10218 | D:11     | Found a staircase to the Orcish Mines.
 10274 | D:11     | Noticed a two-headed ogre
 10289 | D:11     | Killed a two-headed ogre
 10602 | D:11     | Killed an oklob plant
 10638 | D:11     | Killed an oklob plant
 10702 | D:11     | Killed an oklob plant
 10720 | Lair:1   | Entered Level 1 of the Lair of Beasts
 10904 | Lair:1   | Reached XP level 12. HP: 98/104 MP: 11/11
 11137 | Lair:1   | Reached skill level 12 in Unarmed Combat
 11422 | Lair:1   | Noticed a boulder beetle
 11432 | Lair:1   | a boulder beetle changed into a great orb of eyes
 11432 | Lair:1   | Noticed a great orb of eyes
 11439 | Lair:1   | Killed a great orb of eyes
 11662 | Lair:1   | Noticed a death yak
 11724 | Lair:1   | Noticed an ice dragon
 11753 | Lair:1   | Killed a death yak
 11759 | Lair:1   | Reached skill level 10 in Shapeshifting
 12205 | D:9      | Killed a two-headed ogre
 12530 | D:9      | You fall into a shaft and drop 2 floors!
 12793 | Orc:1    | Entered Level 1 of the Orcish Mines
 12821 | Orc:1    | Found a frozen archway.
 12855 | IceCv    | Entered an ice cave
 13181 | IceCv    | Noticed a white draconian
 13209 | IceCv    | Reached skill level 13 in Unarmed Combat
 13255 | IceCv    | Slain by a white draconian

Illustrated notes

Levels and vault maps discovered:
D:1:      minmay_arrival_three_doors, layout_loops_cross,
          chequers_serial_rivers_small_b
D:2:      layout_loops_cross, hellmonk_ecumenical_altar_run_dry,
          minmay_surrounded
D:3:      layout_rooms, kennysheep_generic_room_9
D:4:      layout_cave_pools, minmay_temple_entry_waves
D:5:      layout_rooms, fedhas_altar_1, serial_shops, shop, shop,
          nicolae_shop_tiny_statue_garden, grunt_ministairs_15,
          mrwooster_statue_mirror
D:6:      layout_basic
D:7:      layout_basic, lemuel_round_altar, nicolae_overflow_hidden_temple,
          mainiacjoe_overflow_divided_tiny, uniq_pikel, uniq_joseph
D:8:      layout_loops_ring, gammafunk_temple_overflow_forgotten,
          nzn_ghost_randoct, hangedman_minor_gate_pass, uniq_grum
D:9:      layout_loops_ring, mainiacjoe_overflow_catwalk,
          grunt_ashenzari_visionary [grunt_ashenzari_visionary_shoals,
          grunt_ashenzari_visionary_snake]
D:10:     layout_small_grid, vehumet_statue, dk_noncrumbling_2
D:11:     layout_loops_ring, dpeg_oklobed_lair, david_orc_5, serial_shops, shop
Temple:   minmay_temple_curvy_loop
Lair:1:   dreamdust_isle_of_ice, layout_gridlike,
          grunt_forest_small_clearing_treed
Orc:1:    layout_caves, nicolae_volcano_entry_hallway,
          portal_ice_cave_entry_pillars_2
IceCv:    ice_cave_small_dragons

Skill      XL: |  1  2  3  4  5  6  7  8  9 10 11 12 |
---------------+-------------------------------------+-----
Fighting       | 2 3 4 5 6 7 9 |  9.0
Dodging        | 3 4 5 7 8 10 11 12 | 12.7
Unarmed Combat | 4 5 6 7 9 10 11 13 | 13.0
Shapeshifting  | 4 6 8 10 | 10.5

Action                     |  1- 3 |  4- 6 |  7- 9 | 10-12 || total
---------------------------+-------+-------+-------+-------++-------
  Melee: Unarmed           |    66 |    90 |   197 |   662 ||  1015
         Headbutt          |    10 |    14 |    31 |   202 ||   257
         Punch             |     1 |     3 |    10 |    11 ||    25
         Maw               |       |       |       |     9 ||     9
  Throw: Dart              |       |     3 |     3 |     2 ||     8
  Evoke: Wand              |       |       |       |    26 ||    26
    Use: Scroll            |       |       |     6 |    21 ||    27
         Potion            |       |       |     1 |     8 ||     9
   Stab: Sleeping          |     1 |     1 |       |       ||     2
 Armour: Animal skin       |    38 |    42 |       |       ||    80
         Leather armour    |       |    15 |   113 |    52 ||   180
         Skin              |       |       |       |   243 ||   243
  Dodge: Dodged            |    41 |    59 |   119 |   400 ||   619
   Form: Flux              |       |       |       |     1 ||     1
         Blade             |       |       |       |     1 ||     1
         Maw               |       |       |       |     1 ||     1

Table legend: (Time is in decaauts)
 A = Elapsed time spent in this place.
 B = Non-inter-level travel time spent in this place.
 C = Inter-level travel time spent in this place.
 D = Time resting spent in this place.
 E = Time spent auto-exploring this place.
 F = Levels seen in this place.
 G = Mean time per level.
                   A        B        C        D        E       F      G
               +--------+--------+--------+--------+--------+-----+--------+
         Total |  13088 |  12581 |    507 |    623 |   9220 |  15 |  872.5 |
       Dungeon |  11405 |  10898 |    507 |    534 |   8343 |  11 | 1036.8 |
        Temple |      1 |      1 |      0 |      0 |      0 |   1 |    1.0 |
          Lair |   1256 |   1256 |      0 |     14 |    771 |   1 | 1256.0 |
  Orcish Mines |     58 |     58 |      0 |     26 |      0 |   1 |   58.0 |
      Ice Cave |    366 |    366 |      0 |     49 |    106 |   1 |  366.0 |
               +--------+--------+--------+--------+--------+-----+--------+

Top non-repeatable levels by time:
     D:7: 1639 daAuts
     D:8: 1375 daAuts
    D:11: 1368 daAuts
  Lair:1: 1256 daAuts
     D:9: 1166 daAuts
    D:10: 1056 daAuts
     D:4: 969 daAuts
     D:6: 966 daAuts
     D:5: 892 daAuts
     D:2: 737 daAuts
     D:1: 672 daAuts
     D:3: 560 daAuts
   IceCv: 366 daAuts
   Orc:1: 58 daAuts
  Temple: 1 daAuts
